 Dungeon Crawl Stone Soup version 0.19.1-1-g22dce08 (webtiles) character file.

1186 M4edhros the Spear-Bearer (level 8, -8/52 HPs)
             Began as an Octopode Chaos Knight on Dec 28, 2016.
             Mangled by an orc
             ... wielding a +0 trident
              (9 damage)
             ... on level 5 of the Dungeon on Dec 29, 2016.
             The game lasted 00:08:21 (6559 turns).

M4edhros the Spear-Bearer (Octopode Chaos Knight)   Turns: 6559, Time: 00:08:23

Health: -8/52      AC:  1    Str:  9 (11) XL:     8   Next: 42%
Magic:  8/8        EV: 11    Int: 11 (14) God:    Xom [.*....]
Gold:   292        SH:  8    Dex: 12 (14) Spells: 0 memorised, 7 levels left

rFire  . . .     SeeInvis .     a - +2 spear (chaos)
rCold  . . .     Gourm    .     I - +0 shield
rNeg   + . .     Faith    .     (helmet restricted)
rPois  .         Spirit   .     (no amulet)
rElec  .         Reflect  .     g - ring of positive energy
rCorr  +         Harm     .     m - ring of resist corrosion
MR     .....                    (no ring)
Stlth  ++........               (no ring)
                                (no ring)
                                (no ring)
                                (no ring)
                                (no ring)

@: no status effects
A: almost no armour, stealthy swim, amphibious, 8 rings, constrict 8, camouflage
1, gelatinous body 1
a: Renounce Religion


You were on level 5 of the Dungeon.
You worshipped Xom.
You were a plaything of Xom.
You were not hungry.

You visited 1 branch of the dungeon, and saw 5 of its levels.
You also visited: Sewer and Ossuary.

You collected 292 gold pieces.

Inventory:

Hand Weapons
 a - a +2 spear of chaos (weapon)
Armour
 I - a +0 shield (worn)
Magical Staves
 K - an uncursed staff of wizardry
Jewellery
 g - a ring of positive energy (left tentacle)
 m - a ring of resist corrosion (right tentacle)
Scrolls
 c - 5 scrolls of identify
 h - a scroll of recharging
 l - 3 scrolls of magic mapping {unknown}
 n - 2 scrolls of amnesia {unknown}
 o - 3 scrolls of blinking
 p - a scroll of enchant armour {unknown}
 s - 3 scrolls of fear {unknown}
 t - 2 scrolls of teleportation
 y - 4 scrolls of random uselessness {unknown}
 z - a scroll of noise {unknown}
 A - 2 scrolls of immolation {unknown}
 B - a scroll of holy word {unknown}
 E - a scroll of enchant weapon
 G - a scroll of remove curse
 J - a scroll of brand weapon {unknown}
Potions
 e - a potion of haste {unknown}
 j - 9 potions of degeneration
 k - 6 potions of flight {unknown}
 q - a potion of invisibility {unknown}
 r - 2 potions of cure mutation {unknown}
 u - 3 potions of magic {unknown}
 v - a potion of mutation {unknown}
 w - 2 potions of brilliance {unknown}
 x - 2 potions of lignification {unknown}
 C - a potion of resistance {unknown}
 D - a potion of ambrosia {unknown}
 F - a potion of heal wounds {unknown}
Comestibles
 b - 5 bread rations
 d - 3 meat rations
 i - 2 beef jerkies
 H - 4 chunks of flesh


   Skills:
 - Level 3.0 Fighting
 - Level 8.9 Polearms
 - Level 2.3 Dodging
 + Level 5.0 Shields


You had 7 spell levels left.
You didn't know any spells.

Dungeon Overview and Level Annotations

Branches:
Dungeon (5/15)
 Temple: D:4-7

Altars:
Cheibriados
Okawaru
Qazlal
Xom
The Shining One


Innate Abilities, Weirdness & Mutations

You cannot wear most types of armour.
You are very stealthy in the water. (Stealth+)
You are amphibious.
You can wear up to eight rings at the same time.
You can use your tentacles to constrict eight enemies at once.
Your skin changes colour to match your surroundings (Stealth+).
Your rubbery body absorbs attacks. (AC +1, EV +1)


Message History

The orc wizard hits you with a dagger.
* * * LOW HITPOINT WARNING * * *
You feel better.
You constrict the orc wizard, but do no damage.
The orc wizard gestures at you while chanting.
The puff of flame hits you!
* * * LOW HITPOINT WARNING * * *
Xom thinks this is hilarious!
The orc barely misses you.
Evoke which item? (* to show all) (? for menu, Esc to quit)
Okay, then.
Okay, then.
It was a potion of degeneration.
There was something very wrong with that liquid.
You feel weakened.
You feel dopey.
You feel clumsy.
You constrict the orc wizard.
You kill the orc wizard!
Your Shields skill increases to level 5!
The orc hits you from afar with a trident!
You die...

#....'..#...#.......
#....########.......
#...........##'###'#
#...........#..#....
####+#####.......#..#....
#....(#..#.......######'#
#.....(..##'##...........
#.....#..##..#...........
#.....#.@##..#...........
#######..)o..#...........
#.......#...........
#...##..#...........
######..##..############
#...##..##...# c
#...##..##...#
#............# ######
#............# #....#


You could see an orc.

Vanquished Creatures
  An ice beast (D:5)
  An ogre (D:5)
  2 centaurs (D:5)
  An elf zombie (D:4)
  2 elf skeletons (D:4)
  2 orc wizards
  A centaur zombie (Ossuary)
  A human zombie (Ossuary)
  An orc priest (D:4)
  2 human skeletons (D:4)
  An iguana (D:5)
  A worker ant (D:5)
  A big kobold zombie (Ossuary)
  6 mummies (Ossuary)
  8 adders
  2 shadow imps (D:5)
  An ooze (D:2)
  An adder skeleton (D:4)
  A worm (D:5)
  9 leopard geckos
  4 orcs
  7 giant cockroaches
  2 gnoll zombies (Ossuary)
  9 goblins
  11 hobgoblins
  2 jackals (D:4)
  4 quokkas
  3 ball pythons (Sewer)
  8 bats
  10 frilled lizards
  A goblin zombie (Ossuary)
  4 kobolds
  A leopard gecko skeleton (D:4)
  A leopard gecko zombie (D:5)
  2 orc zombies (Ossuary)
  A quokka skeleton (D:4)
  A quokka zombie (D:5)
  6 rats
122 creatures vanquished.

Vanquished Creatures (collateral kills)
  Purgy (Sewer)
  An ogre (D:4)
  A killer bee (D:4)
3 creatures vanquished.

Grand Total: 125 creatures vanquished

Notes
Turn   | Place    | Note
-------+----------+-------------------------------------------
     0 | D:1      | M4edhros the Octopode Chaos Knight began the quest for the Orb.
     0 | D:1      | Reached XP level 1. HP: 16/16 MP: 1/1
    33 | D:1      | XOM: scenery: create altars
   115 | D:1      | Reached XP level 2. HP: 21/21 MP: 2/2
   136 | D:1      | XOM: divination: magic mapping
   143 | D:1      | XOM: harmless Chrm miscast
   387 | D:1      | XOM: cloud trail
   436 | D:1      | XOM: mild Conj miscast
   848 | D:1      | XOM: scenery: create altars
  1203 | D:1      | XOM: god gift: scroll labeled DIUCSASCH GUYTI {god gift}
  1781 | D:1      | Reached skill level 4 in Polearms
  1840 | D:1      | XOM: enchant monster (bad)
  1844 | D:1      | Reached XP level 3. HP: 18/26 MP: 3/3
  2630 | D:2      | HP: 1/26 [leopard gecko (4)]
  2632 | D:2      | Reached XP level 4. HP: 11/31 MP: 4/4
  2765 | D:2      | XOM: divination: magic mapping
  2766 | D:2      | Reached skill level 5 in Polearms
  2902 | D:2      | XOM: mild Chrm miscast
  2929 | D:2      | Found a glowing golden altar of the Shining One.
  3023 | D:2      | XOM: cast spell 'Spider Form'
  3101 | D:3      | Found a glowing drain.
  3132 | Sewer    | Entered a sewer
  3201 | Sewer    | Reached XP level 5. HP: 34/36 MP: 5/5
  3304 | Sewer    | Noticed Purgy
  3696 | Sewer    | XOM: summons friendly white imp
  3702 | Sewer    | Killed Purgy
  3702 | Sewer    | Reached skill level 6 in Polearms
  3941 | D:3      | Found a snail-covered altar of Cheibriados.
  4363 | D:4      | Found a stormy altar of Qazlal.
  4371 | D:4      | XOM: fog
  4405 | D:4      | Reached XP level 6. HP: 23/42 MP: 6/6
  4409 | D:4      | Found a sand-covered staircase.
  4419 | D:4      | Reached skill level 7 in Polearms
  4422 | Ossuary  | Entered an ossuary
  4691 | Ossuary  | Reached XP level 7. HP: 33/46 MP: 7/7
  4769 | D:4      | Reached skill level 8 in Polearms
  4775 | D:4      | XOM: polymorph hound -> killer bee
  5070 | D:4      | Found an iron altar of Okawaru.
  5079 | D:4      | XOM: potion effect (invisibility)
  5086 | D:4      | XOM: blink monster(s)
  5179 | D:4      | XOM: stat loss: -1 Str (10/11)
  5206 | D:5      | Entered Level 5 of the Dungeon
  5335 | D:5      | Reached XP level 8. HP: 40/52 MP: 8/8
  5343 | D:5      | XOM: fog
  5434 | D:5      | XOM: god gift: gnarled runed staff {god gift}
  6395 | D:5      | XOM: divination: detect creatures
  6554 | D:5      | HP: 2/52 [orc wizard/magic dart (9)]
  6559 | D:5      | Reached skill level 5 in Shields
  6559 | D:5      | Mangled by an orc

Skill      XL: |  1  2  3  4  5  6  7  8 |
---------------+-------------------------+-----
Polearms       | 4 5 6 7 8 |  8.9
Shields        | 3 5 |  5.0
Fighting       | |  3.0
Dodging        | |  2.3

Action                   |  1- 3 |  4- 6 |  7- 9 || total
-------------------------+-------+-------+-------++-------
Melee: Spear             |    85 |   172 |   132 ||   389
       Constrict         |    21 |    24 |    15 ||    60
       Tentacles         |     6 |    20 |    26 ||    52
       Unarmed           |       |     2 |       ||     2
  Use: Scroll            |     1 |     6 |     1 ||     8
       Potion            |     1 |       |     5 ||     6
 Stab: Sleeping          |     3 |    14 |     3 ||    20
       Distracted        |     1 |     2 |       ||     3
       Paralysed         |       |     7 |     7 ||    14
       Confused          |       |       |     2 ||     2
  Eat: Chunk             |     5 |     4 |     8 ||    17
       Pizza             |       |     1 |       ||     1
Armor: Skin              |    10 |    10 |     1 ||    21
Dodge: Dodged            |    31 |    44 |    32 ||   107
Block: Shield            |       |       |     4 ||     4
